 Dungeon Crawl Stone Soup version 0.21.1-1-g345015f (webtiles) character file.

70 lightbrinder the Skirmisher (level 4, -22/36 HPs)
             Began as a Demonspawn Abyssal Knight on Mar 21, 2018.
             Was a Follower of Lugonu.
             Killed from afar by a jackal (34 damage)
             ... with an exploding inner flame
             ... hexed by the player character
             ... on level 2 of the Dungeon.
             The game lasted 00:09:04 (846 turns).

lightbrinder the Skirmisher (DsAK)                   Turns: 846, Time: 00:09:04

Health: -22/36     AC:  7    Str: 14    XL:     4   Next: 4%
Magic:  5/5        EV: 10    Int: 13    God:    Lugonu [*.....]
Gold:   77         SH:  0    Dex: 12    Spells: 3/3 levels left

rFire    . . .     SeeInvis .   a - +1 mace
rCold    . . .     Gourm    .   (no shield)
rNeg     . . .     Faith    .   k - +0 ring mail
rPois    .         Spirit   .   (no helmet)
rElec    .         Reflect  .   (no cloak)
rCorr    .         Harm     .   (no gloves)
MR       .....                  (no boots)
Stlth    +.........             (no amulet)
HPRegen  0.12/turn              (no ring)
MPRegen  0.09/turn              (no ring)

@: no status effects
A: icy blue scales 1
a: Depart the Abyss, Renounce Religion


You were on level 2 of the Dungeon.
You worshipped Lugonu.
Lugonu was aware of your devotion.
You were not hungry.

You visited 1 branch of the dungeon, and saw 2 of its levels.
You visited the Abyss 1 time.

You collected 77 gold pieces.

Inventory:

Hand Weapons
 a - a +1 mace (weapon)
Missiles
 d - 17 bolts
 l - 17 poisoned needles
 n - 2 needles of paralysis
 p - 28 arrows
Armour
 b - a +0 leather armour
 k - a +0 ring mail (worn)
Scrolls
 h - a scroll of fear {unknown}
 i - a scroll of amnesia {unknown}
 m - a scroll of enchant armour {unknown}
 o - a scroll of identify
Potions
 j - a potion of brilliance
Comestibles
 c - 2 rations
 f - 4 chunks of flesh


   Skills:
 + Level 3.6 Fighting
 + Level 2.4 Maces & Flails
 + Level 2.6 Armour
 + Level 1.4 Dodging
 + Level 2.5 Invocations


You had 3 spell levels left.
You didn't know any spells.

Dungeon Overview and Level Annotations

Branches:
Dungeon (2/15)

Altars:


Innate Abilities, Weirdness & Mutations

You are partially covered in icy blue scales. (AC +2)


Message History

The jackal bites you but does no damage. x2
You hit the jackal.
The jackal explodes!
The fiery explosion engulfs Terence.
Terence explodes!
The fiery explosion engulfs the hobgoblin.
The hobgoblin explodes!
You hear an explosion! x2
Lugonu accepts your kill.
You feel a bit more experienced. Lugonu accepts your kill.
You feel a bit more experienced. Lugonu accepts your kill.
You feel a bit more experienced. Lugonu accepts your kill. x2
You have reached level 4!
You feel stronger. The fiery explosion engulfs you!
Ouch! That really hurt!
You die...

.......#?....#
............###
#..##........#
#####.##hgr.....##
#....g.hhSg......###.#
...###r##########.....##
#§§# ####.##.>..
##§######...r.....#
#@##......#..#...#
.....§§§§§..............
..#.###§##.....<#..###.#
#.##..............
...#.......(......
..................
..................
....(..............
........h.......


There were no monsters in sight!

Vanquished Creatures
  Terence (D:2)
  An adder (D:2)
  3 dart slugs (D:1)
  A bat (D:1)
  A giant cockroach (D:1)
  4 goblins
  3 hobgoblins
  6 jackals
  2 kobolds (D:1)
  5 frilled lizards
  3 rats
30 creatures vanquished.

Notes
Turn   | Place    | Note
-------+----------+-------------------------------------------
     0 | Abyss:1  | lightbrinder the Demonspawn Abyssal Knight began the quest for the Orb.
     0 | Abyss:1  | Reached XP level 1. HP: 18/18 MP: 2/2
   136 | Abyss:1  | Noticed a small abomination
   138 | D:1      | Escaped the Abyss
   202 | D:1      | Reached * piety under Lugonu
   216 | D:1      | Gained mutation: You are partially covered in icy blue scales. (AC +2) [demonic ancestry]
   216 | D:1      | Reached XP level 2. HP: 12/24 MP: 3/3
   440 | D:1      | Reached skill level 1 in Dodging
   813 | D:2      | Noticed Terence
   829 | D:2      | Reached XP level 3. HP: 20/29 MP: 4/4
   846 | D:2      | Killed Terence
   846 | D:2      | Reached XP level 4. HP: 12/36 MP: 5/5
   846 | D:2      | Killed from afar by a jackal

Skill      XL: |  1  2 |
---------------+-------+-----
Armour         | 2 |  2.6
Dodging        | 1 |  1.4
Maces & Flails | 2 |  2.4
Fighting       | |  3.6
Invocations    | |  2.5

Action                   |  1- 3 |  4- 6 || total
-------------------------+-------+-------++-------
Melee: Mace              |    91 |       ||    91
Invok: Depart the Abyss  |     1 |       ||     1
  Use: Potion            |     1 |       ||     1
       Scroll            |     3 |       ||     3
Armor: Leather armour    |    23 |       ||    23
       Ring mail         |    28 |       ||    28
Dodge: Dodged            |    91 |       ||    91
